 Dungeon Sprint DCSS version 0.21-a0-278-ga722497 (webtiles) character file.

2597 potatolord6000 the Cleaver (level 9, -1/93 HPs)
             Began as a Hill Orc Monk on Sept 21, 2017.
             Was a High Priest of Beogh.
             Slain by a steam dragon (3 damage)
             ... in the Dungeon (Sprint VII: "The Pits") on Sept 22, 2017.
             The game lasted 00:05:48 (818 turns).

potatolord6000 the Cleaver (Hill Orc Monk)           Turns: 818, Time: 00:05:49

Health: -1/93      AC: 22    Str: 20    XL:     9   Next: 59%
Magic:  14/19      EV:  8    Int: 10    God:    Beogh [*****.]
Gold:   0          SH:  0    Dex: 13    Spells: 8/8 levels left

rFire    . . .     SeeInvis .   r - +1 broad axe (chop)
rCold    . . .     Gourm    .   (no shield)
rNeg     . . .     Faith    .   p - +3 plate armour
rPois    .         Spirit   .   j - +0 helmet
rElec    .         Reflect  .   (no cloak)
rCorr    .         Harm     .   (no gloves)
MR       .....     NoTele   +   (no boots)
Stlth    ..........             (no amulet)
HPRegen  0.25/turn              b - +3 ring of strength
MPRegen  0.16/turn              f - +3 ring of protection

@: lethally poisoned (-1 -> -9), slowed, very slow
A: walk on water
a: Smiting, Recall Orcish Followers, Give Item to Named Follower, Renounce
Religion


You were in the Dungeon.
You worshipped Beogh.
Beogh was extremely pleased with you.
You were not hungry.

You visited 1 branch

Inventory:

Hand Weapons
 r - a +1 broad axe of chopping (weapon)
Armour
 j - a +0 helmet (worn)
 p - a +3 plate armour (worn)
Jewellery
 b - a +3 ring of strength (left hand)
 f - a +3 ring of protection (right hand)
Scrolls
 k - 3 scrolls of remove curse
 l - 5 scrolls of amnesia
 m - a scroll of summoning
Potions
 a - 2 potions of invisibility
 d - 4 potions of curing
 g - 2 potions of magic
 h - 2 potions of berserk rage
 q - 3 potions of might
Comestibles
 c - 8 bread rations
 n - 40 fruits
 o - 7 meat rations


   Skills:
 + Level 13.1 Fighting
 + Level 14.1 Axes
 + Level 11.7 Armour
 - Level 2.4 Dodging
 - Level 1.5 Stealth
 + Level 13.4 Invocations


You had 8 spell levels left.
You didn't know any spells.

Dungeon Overview and Level Annotations

Branches:
Dungeon (1/1)

Altars:
Ashenzari
Cheibriados
Dithmenos
Elyvilon
Fedhas
Gozag
Hepliaklqana
Kikubaaqudgha
Makhleb
Nemelex Xobeh
Okawaru
Qazlal
Ru
Sif Muna
Trog
Uskayaw
Vehumet
Wu Jian
Xom
Yredelemnul
Zin
The Shining One
Beogh
Jiyva
Lugonu


Message History

* * * LOW HITPOINT WARNING * * *
You feel sick. The steam dragon breathes steam at you.
The ball of steam hits you!
* * * LOW HITPOINT WARNING * * *
The ball of steam hits Urtork.
The ball of steam hits your orc warrior.
Your orc warrior dies!
Urtork is engulfed in a cloud of scalding steam.
The steam dragon bites you.
* * * LOW HITPOINT WARNING * * *
The steam dragon barely misses you.
Urtork is engulfed in a cloud of scalding steam.
A vampire comes into view.
You barely miss the steam dragon.
The steam dragon is severely wounded.
You are engulfed in a cloud of scalding steam.
* * * LOW HITPOINT WARNING * * *
You feel sick. The steam dragon bites you.
You die...

)#####'#####')######
)##.......##''# #
)##.......##..# .
.##.......##..# '#
###...<...##..# #V##
.##.......##.†# #...##
.##.......##..## #.)...#
###.......##...##†.....#
. ##########..oo@D.....+
############...##).....#
#....#.![[##..## #.....#
#....#..[.##..# #...##
')).†o..))##..# #.##
#....#!.))##..# +#
#....#..))##..#
###############


You could see a vampire, a steam dragon, a friendly orc warrior and the friendly
Urtork the orc warrior.

Vanquished Creatures
  A death yak (D)
  A flayed ghost (D)
  A freezing wraith (D)
  A hornet (D)
  Sigmund (D)
  A spriggan (D)
  A warg (D)
  A swamp drake (D)
  An ice beast (D)
  An orc warrior (D)
  A necrophage (D)
  A centaur (D)
  A wolf (D)
  A big kobold (D)
  An orc priest (D)
  Jessica (D)
  An adder (D)
  A river rat (D)
  2 ufetubi (D)
  An ooze (D)
  A giant cockroach (D)
  7 jackals (D)
  A quokka (D)
  A frilled lizard (D)
  A jackal skeleton (D)
  A kobold (D)
33 creatures vanquished.

Vanquished Creatures (collateral kills)
  An orc warrior (D)
  An orc priest (D)
  A river rat (D)
  A goblin (D)
  A jackal (D)
  A rat (D)
6 creatures vanquished.

Vanquished Creatures (others)
  An orc high priest (D)
  An orc warrior (D)
  An orc wizard (D)
  An orc priest (D)
  2 orcs (D)
  A frilled lizard (D)
7 creatures vanquished.

Grand Total: 46 creatures vanquished

Notes
Turn   | Place    | Note
-------+----------+-------------------------------------------
     0 | D        | potatolord6000 the Hill Orc Monk began the quest for the Orb.
     0 | D        | Reached XP level 1. HP: 19/19 MP: 1/1
    23 | D        | Found a bloodstained altar of Trog.
    23 | D        | Found a deep blue altar of Sif Muna.
    23 | D        | Found a viscous altar of Jiyva.
    23 | D        | Found a hazy altar of Hepliaklqana.
    23 | D        | Found an opulent altar of Gozag.
    50 | D        | Found a glowing golden altar of the Shining One.
    50 | D        | Found a glowing silver altar of Zin.
    50 | D        | Found a basalt altar of Yredelemnul.
    50 | D        | Found a shimmering altar of Xom.
    50 | D        | Found an ornate altar of the Wu Jian Council.
    50 | D        | Found a sacrificial altar of Ru.
    50 | D        | Found a stormy altar of Qazlal.
    50 | D        | Found an iron altar of Okawaru.
    50 | D        | Found a sparkling altar of Nemelex Xobeh.
    50 | D        | Found a burning altar of Makhleb.
    50 | D        | Found a blossoming altar of Fedhas.
    50 | D        | Found a white marble altar of Elyvilon.
    50 | D        | Found a shadowy altar of Dithmenos.
    50 | D        | Found a snail-covered altar of Cheibriados.
    53 | D        | Found a corrupted altar of Lugonu.
    53 | D        | Found a radiant altar of Vehumet.
    53 | D        | Found a roughly hewn altar of Beogh.
    54 | D        | Found an ancient bone altar of Kikubaaqudgha.
    54 | D        | Found a hide-covered altar of Uskayaw.
    54 | D        | Found a shattered altar of Ashenzari.
    62 | D        | Became a worshipper of Beogh the Brigand
    62 | D        | Reached * piety under Beogh
    62 | D        | Reached ** piety under Beogh
    85 | D        | Reached skill level 1 in Armour
    88 | D        | Reached skill level 1 in Invocations
    90 | D        | Reached XP level 2. HP: 24/28 MP: 1/3
   131 | D        | Reached *** piety under Beogh
   136 | D        | Reached skill level 5 in Fighting
   136 | D        | Reached skill level 5 in Axes
   203 | D        | Reached **** piety under Beogh
   209 | D        | Reached XP level 3. HP: 23/36 MP: 5/5
   212 | D        | Reached ***** piety under Beogh
   316 | D        | Noticed a necrophage
   316 | D        | Noticed an ice beast
   317 | D        | Noticed a centaur
   318 | D        | Noticed Sigmund
   326 | D        | Noticed an orc warrior
   334 | D        | Killed a necrophage
   334 | D        | Reached skill level 7 in Axes
   334 | D        | Reached skill level 5 in Invocations
   334 | D        | Reached XP level 4. HP: 34/45 MP: 5/8
   334 | D        | Reached XP level 5. HP: 38/51 MP: 5/9
   338 | D        | Reached skill level 5 in Armour
   358 | D        | Killed an ice beast
   358 | D        | Reached skill level 8 in Axes
   358 | D        | Reached XP level 6. HP: 56/61 MP: 9/11
   366 | D        | Killed an orc warrior
   366 | D        | Reached skill level 9 in Axes
   376 | D        | Killed Sigmund
   376 | D        | Reached skill level 10 in Axes
   376 | D        | Reached XP level 7. HP: 36/71 MP: 10/14
   391 | D        | Noticed Jessica
   394 | D        | Killed Jessica
   400 | D        | Reached skill level 10 in Fighting
   400 | D        | Reached skill level 10 in Invocations
   408 | D        | Gained Urtork as an ally
   411 | D        | Reached ****** piety under Beogh
   411 | D        | Reached skill level 11 in Axes
   466 | D        | Noticed an orc high priest
   466 | D        | Noticed a warg
   469 | D        | Noticed a rust devil
   469 | D        | Noticed a soul eater
   473 | D        | Killed a warg
   476 | D        | Noticed a sun demon
   484 | D        | Reached XP level 8. HP: 33/81 MP: 14/16
   752 | D        | Noticed a freezing wraith
   756 | D        | Killed a freezing wraith
   756 | D        | Reached skill level 12 in Axes
   761 | D        | Reached skill level 10 in Armour
   797 | D        | Noticed a hornet
   797 | D        | Noticed a death yak
   797 | D        | Noticed a spriggan
   797 | D        | Noticed a flayed ghost
   800 | D        | Killed a flayed ghost
   800 | D        | Reached XP level 9. HP: 87/90 MP: 13/18
   812 | D        | Killed a death yak
   812 | D        | Reached skill level 13 in Axes
   814 | D        | Killed a hornet
   817 | D        | Reached skill level 14 in Axes
   817 | D        | HP: 2/93 [steam dragon (5)]
   818 | D        | Slain by a steam dragon

Vault maps used:
D:        pitsprint

Skill      XL: |  1  2  3  4  5  6  7  8  9 |
---------------+----------------------------+-----
Fighting       | 4 5 6 8 9 10 12 13 | 13.1
Armour         | 1 2 4 6 8 9 10 11 | 11.7
Invocations    | 1 3 5 7 9 10 12 13 | 13.4
Axes           | 5 7 8 10 11 12 14 | 14.1
Dodging        | |  2.4
Stealth        | |  1.5

Action                   |  1- 3 |  4- 6 |  7- 9 || total
-------------------------+-------+-------+-------++-------
Melee: Hand axe          |    36 |    34 |    31 ||   101
       Broad axe         |       |       |    14 ||    14
Invok: Resurrection      |       |       |     1 ||     1
       Smiting           |       |       |     7 ||     7
  Use: Potion            |     3 |     3 |    10 ||    16
       Scroll            |       |       |     1 ||     1
 Stab: Distracted        |       |       |     1 ||     1
Armor: Robe              |     9 |       |       ||     9
       Chain mail        |     4 |    16 |    10 ||    30
       Plate armour      |       |       |    35 ||    35
Dodge: Dodged            |    41 |     6 |    33 ||    80

Table legend:
 A = Spawn XP
 B = Non-spawn XP
 C = Spawn XP percentage of total XP
 D = Spawn monster count
 E = Non-spawn monster count
 F = Spawn count percentage of total count
 G = Total turns spent on level
                    A         B        C        D         E        F      G
               +---------+---------+-------+---------+---------+-------+---------
         Total |       0 |    3711 |   0.0 |       0 |      38 |   0.0 |   818
               +---------+---------+-------+---------+---------+-------+---------
             D |       0 |    3711 |   0.0 |       0 |      38 |   0.0 |   818
               +---------+---------+-------+---------+---------+-------+---------
